 Dungeon Crawl Stone Soup version 0.18-a0-1789-gbeff17f (webtiles) character file.

231 M4edhros the Insei (level 6, -2/36 HPs)
             Began as an Octopode Necromancer on Apr 21, 2016.
             Slain by a gnoll sergeant
             ... wielding a +0 spear
              (7 damage)
             ... on level 4 of the Dungeon.
             The game lasted 00:10:19 (1567 turns).

M4edhros the Insei (Octopode Necromancer)           Turns: 1567, Time: 00:10:20

Health: -2/36      AC:  1    Str:  8    XL:     6   Next: 3%
Magic:  0/9        EV:  9    Int: 17    God:
Gold:   26         SH:  6    Dex: 14    Spells: 3 memorised, 4 levels left

rFire  . . .     SeeInvis .       - Unarmed
rCold  . . .     Gourm    .     q - +0 shield
rNeg   . . .     Faith    .     (helmet restricted)
rPois  .         Spirit   +     g - amulet of guardian spirit
rElec  .         Dismiss  .     (no ring)
rCorr  .         Reflect  .     (no ring)
SustAt .         Harm     .     (no ring)
MR     .....                    (no ring)
Stlth  +++.......               (no ring)
                                (no ring)
                                (no ring)
                                (no ring)

@: not resistant to hostile enchantments, fairly stealthy
A: almost no armour, amphibious, 8 rings, constrict 8, camouflage 1, gelatinous
body 1
a: no special abilities


You were on level 4 of the Dungeon.
You were not hungry.

You visited 1 branch of the dungeon, and saw 5 of its levels.

You collected 163 gold pieces.
You spent 137 gold pieces at shops.

Inventory:

Missiles
 e - 134 stones (quivered)
 n - 28 sling bullets
Armour
 q - a +0 shield (worn)
Jewellery
 g - an amulet of guardian spirit (around mantle)
Scrolls
 j - a scroll of remove curse
 m - 3 scrolls of teleportation
 o - a scroll of fear
 p - a scroll of amnesia
 r - a scroll of random uselessness {unknown}
Books
 a - a book of Necromancy

   Spells                             Type                      Level
   a - Pain                           Necromancy                   1
   b - Animate Skeleton               Necromancy                   1
   c - Vampiric Draining              Necromancy                   3
   d - Regeneration                   Charms/Necromancy            3
   e - Animate Dead                   Necromancy                   4
   f - Control Undead                 Necromancy                   4
Comestibles
 b - a bread ration
 d - a meat ration
 h - a beef jerky
 i - 2 royal jellies


   Skills:
 - Level 2.0 Dodging
 - Level 2.6 Stealth
 + Level 0.0 Shields
 + Level 5.6 Unarmed Combat
 - Level 2.0 Spellcasting
 - Level 4.0 Necromancy


You had 4 spell levels left.
You knew the following spells:

 Your Spells              Type           Power        Failure   Level  Hunger
a - Pain                  Necr           ###.         28%         1    #......
b - Regeneration          Chrm/Necr      #.........   99%         3    ###....
c - Animate Skeleton      Necr           N/A          28%         1    #......


Dungeon Overview and Level Annotations

Branches:
Dungeon (5/15)
 Temple: D:4-7

Altars:
Ru
The Shining One

Shops:
D:4 }?*:   D:5 *


Innate Abilities, Weirdness & Mutations

You cannot wear most types of armour.
You are amphibious.
You can wear up to eight rings at the same time.
You can use your tentacles to constrict eight enemies at once.
Your skin changes colour to match your surroundings (Stealth).
Your rubbery body absorbs attacks (AC +1).


Message History

The gnoll sergeant is severely wounded.
You constrict the gnoll sergeant, but do no damage.
The gnoll sergeant barely misses you.
You tentacle-slap the gnoll sergeant.
The gnoll sergeant is severely wounded.
You constrict the gnoll sergeant, but do no damage.
The gnoll sergeant hits you with a spear! x2
* * * LOW HITPOINT WARNING * * *
You tentacle-slap the gnoll sergeant but do no damage.
The gnoll sergeant is severely wounded.
You constrict the gnoll sergeant. The gnoll sergeant barely misses you.
You tentacle-slap the gnoll sergeant but do no damage.
The gnoll sergeant is severely wounded.
You constrict the gnoll sergeant, but do no damage.
The gnoll sergeant barely misses you.
You tentacle-slap the gnoll sergeant but do no damage.
The gnoll sergeant is severely wounded.
You constrict the gnoll sergeant, but do no damage.
The gnoll sergeant hits you with a spear!
You die...

##.##.# #....# ..
#..#.# #....# . ##.#.#
#....# #.#.#
#....####### #...#
#.#.........
##..#####.#.#######.
#........#.........
####..###############.
#....@# #. #.###g# #.
####.# #.# #.
#....###.# #.
#........# #.
#....##### #. #....#
#. #....# #. #....# #.


You could see a gnoll sergeant.

Vanquished Creatures
  A hound (D:4)
  Jessica (D:3)
  2 worker ants
  A hound zombie (D:4)
  A hound skeleton (D:4)
  2 adders (D:3)
  3 gnolls (D:3)
  A worm (D:4)
  3 dart slugs
  A giant gecko (D:4)
  An orc (D:4)
  4 giant cockroaches
  7 goblins
  3 hobgoblins
  4 jackals
  A ball python (D:2)
  5 bats
  4 giant newts (D:2)
  3 kobolds
  A quokka skeleton (D:5)
  3 rats
52 creatures vanquished.

Notes
Turn   | Place    | Note
--------------------------------------------------------------
     0 | D:1      | M4edhros the Octopode Necromancer began the quest for the Orb.
     0 | D:1      | Reached XP level 1. HP: 11/11 MP: 3/3
    78 | D:2      | Reached skill level 1 in Unarmed Combat
   131 | D:2      | Reached XP level 2. HP: 12/17 MP: 0/5
   160 | D:2      | Reached skill level 2 in Unarmed Combat
   398 | D:2      | Reached XP level 3. HP: 18/21 MP: 1/6
   411 | D:2      | Learned a level 3 spell: Regeneration
   477 | D:3      | Found a sacrificial altar of Ru.
   484 | D:3      | Reached skill level 3 in Unarmed Combat
   543 | D:3      | Reached XP level 4. HP: 13/27 MP: 0/7
   637 | D:2      | Found a glowing golden altar of the Shining One.
  1009 | D:3      | Reached skill level 4 in Unarmed Combat
  1049 | D:3      | Learned a level 1 spell: Animate Skeleton
  1061 | D:3      | Noticed Jessica
  1069 | D:3      | Killed Jessica
  1069 | D:3      | Reached XP level 5. HP: 23/31 MP: 3/8
  1093 | D:4      | Reached skill level 5 in Unarmed Combat
  1119 | D:4      | Found Biatoif's Magic Scroll Emporium.
  1138 | D:4      | Bought a scroll of blinking for 82 gold pieces
  1138 | D:4      | Bought a scroll of teleportation for 33 gold pieces
  1138 | D:4      | Bought a scroll of identify for 22 gold pieces
  1152 | D:4      | Found Dumpa's General Store.
  1153 | D:4      | Found Lirchuxi's Book Shoppe.
  1278 | D:5      | Entered Level 5 of the Dungeon
  1381 | D:4      | Reached XP level 6. HP: 30/36 MP: 7/9
  1386 | D:4      | Found Lawuc's Gadget Boutique.
  1483 | D:5      | Found Metiotzu's Assorted Antiques.
  1567 | D:4      | Slain by a gnoll sergeant

Vault maps used:
D:1:      minmay_arrival_loop, st_stairs_14, nrook_uturn
D:2:      kennysheep_six_static_rooms, lemuel_doored_altar
D:3:      nicolae_overflow_crystal_walls, kiku_gazebo_pond_becter,
          serial_corexii_hall, corexii_hall_statues_i, corexii_hall_statues_x,
          corexii_hall_statues_x, dk_noncrumbling_2, kennysheep_minor_cross,
          nicolae_ru_path_of_blood, uniq_jessica
D:4:      serial_shops, shop, shop, nicolae_shop_waterfront, shop,
          kennysheep_little_box, uniq_eustachio
D:5:      minmay_temple_entry_statues_pillars, first_bread, basic_altar,
          serial_shops, shop, elyvilon_altar_1, uniq_sigmund

Skill      XL: |  1  2  3  4  5 |
---------------+----------------+-----
Unarmed Combat | 1 2 3 4 5 |  5.6
Dodging        | |  2.0
Stealth        | |  2.6
Spellcasting   | |  2.0
Necromancy     | |  4.0

Action                   |  1- 3 |  4- 6 || total
-------------------------+-------+-------++-------
Melee: Unarmed           |    58 |    48 ||   106
       Constrict         |    15 |    13 ||    28
       Tentacles         |    11 |     7 ||    18
       Punch             |     3 |     1 ||     4
 Cast: Pain              |    16 |    25 ||    41
       Regeneration      |     2 |     8 ||    10
  Use: Potion            |     6 |     3 ||     9
       Scroll            |     2 |     5 ||     7
 Stab: Sleeping          |     2 |     2 ||     4
  Eat: Chunk             |       |     5 ||     5
Armor: Skin              |     7 |     4 ||    11
Dodge: Dodged            |    37 |    22 ||    59
Block: Shield            |       |     3 ||     3
